 Dungeon Crawl Stone Soup version 0.24.0-37-gcf1ca852f1 (webtiles) character file.

Game seed: 6483165516001871387, levelgen mode: deterministic

1068 Freitmort the Conjurer (level 8, -1/41 HPs)
             Began as a Deep Elf Conjurer on Dec 2, 2019.
             Was a Follower of Vehumet.
             Slain by Duvessa
             ... wielding a +0 short sword
              (12 damage)
             ... on level 6 of the Dungeon.
             The game lasted 00:26:17 (6258 turns).

Freitmort the Conjurer (Deep Elf Conjurer)          Turns: 6258, Time: 00:26:18

Health: -1/41      AC:  3    Str:  7    XL:     8   Next: 7%
Magic:  11/30      EV: 13    Int: 21    God:    Vehumet [*.....]
Gold:   246        SH:  0    Dex: 15    Spells: 14/22 levels left

rFire    . . .     SeeInvis .   n - +0 short sword
rCold    . . .     Gourm    .   (no shield)
rNeg     . . .     Faith    .   a - +1 robe
rPois    .         Spirit   .   (no helmet)
rElec    .         Reflect  .   (no cloak)
rCorr    .         Harm     .   (no gloves)
MR       +....                  (no boots)
Stlth    +++.......             (no amulet)
HPRegen  0.13/turn              r - ring of protection from magic
MPRegen  0.22/turn              q - ring of magical power

@: no status effects
A: no striking features
a: Renounce Religion


You were on level 6 of the Dungeon.
You worshipped Vehumet.
Vehumet was aware of your devotion.
You were hungry.

You visited 1 branch of the dungeon, and saw 6 of its levels.

You collected 246 gold pieces.

Inventory:

Hand Weapons
 n - a +0 short sword (weapon)
Armour
 a - a +1 robe (worn)
Jewellery
 h - an uncursed ring of stealth
 i - a +3 ring of dexterity
 q - a ring of magical power (right hand)
 r - a ring of protection from magic (left hand)
 w - an uncursed ring of positive energy
Wands
 j - a wand of clouds (9)
 k - a wand of random effects (17)
 o - a wand of flame (5)
 s - a wand of polymorph (4)
Scrolls
 d - 4 scrolls of amnesia
 e - a scroll of remove curse
 p - a scroll of enchant armour
 u - a scroll of teleportation
Potions
 b - 2 potions of magic
 f - 2 potions of might
 g - 5 potions of heal wounds
 l - a potion of curing
 m - a potion of flight
 t - 4 potions of agility {unknown}
 v - a potion of berserk rage {unknown}
Comestibles
 c - 12 rations


   Skills:
 + Level 0.1 Fighting
 + Level 2.7 Dodging
 + Level 4.5 Stealth
 + Level 7.7 Spellcasting
 + Level 7.8 Conjurations
 * Level 3.9 Evocations


You had 14 spell levels left.
You knew the following spells:

 Your Spells              Type           Power        Failure   Level  Hunger
a - Magic Dart            Conj           ####         1%          1    None
b - Searing Ray           Conj           #####.       1%          2    None
c - Iskenderun's Mystic   Conj           #####...     3%          4    ###....
d - Freeze                Ice            #...         9%          1    None

Your spell library contained the following spells:

 Spells                   Type           Power        Failure   Level  Hunger
 Dazzling Spray           Conj/Hex       ###...       4%          3    None
 Beastly Appendage        Tmut           #.....       9%          1    None
 Sticks to Snakes         Tmut           #.......     12%         2    None
 Force Lance              Conj/Tloc      ###.....     16%         4    ###....
 Fulminant Prism          Conj/Hex       ###.......   16%         4    ###....
 Spider Form              Tmut/Pois      #.........   24%         3    None
 Ice Form                 Ice/Tmut       #.......     63%         4    ###....
 Blade Hands              Tmut           #.........   92%         5    #####..


Dungeon Overview and Level Annotations

Branches:
Dungeon (6/15)
 Temple: D:4-7

Altars:
Elyvilon
Makhleb
Okawaru
Trog
Vehumet
The Shining One
Jiyva

Shops:
D:5 (

Annotations:
D:6 Dowan, Duvessa


Message History

Duvessa hits you with a +0 short sword!
Casting: Searing Ray (safe; 1% risk of failure)
Confirm with . or Enter, or press ? or * to list all spells.
Aiming: Searing Ray (safe; 1% risk of failure)
Press: ? - help, Shift-Dir - straight line, f/p - Duvessa
Aim: Duvessa, wielding a +0 short sword and wearing a +0 scale mail (heavily wounded)
The searing ray hits Duvessa but does no damage.
Duvessa is heavily wounded. (Press . to maintain the ray.) Duvessa hits you with a +0 short sword!
* * * LOW HITPOINT WARNING * * *
The searing ray hits Duvessa.
Duvessa is heavily wounded.
Duvessa gestures with her weapon.
Duvessa misses you.
The searing ray hits Duvessa.
Duvessa is heavily wounded.
You are feeling hungry.
Duvessa hits you with a +0 short sword!
You die...

## .... ... . ...
.. # #. ... .. .#.
..##. ...#....
.e.##.#.#.#
#......#.# #
.#...##.#.####.#
......e@...†...###.
.#.##.###..<.......
#. ########### #


You could see Duvessa.

Vanquished Creatures
  Sigmund (D:2)
  A phantom (D:4)
  5 ogres
  A bullfrog (D:6)
  An orc priest (D:5)
  An orc wizard (D:5)
  2 iguanas (D:4)
  3 worker ants
  3 adders (D:3)
  A shadow imp (D:3)
  3 oozes
  An adder skeleton (D:4)
  2 worms (D:3)
  3 dart slugs
  6 leopard geckos
  3 orcs
  2 ball pythons
  2 bats (D:3)
  5 giant cockroaches
  5 goblins
  4 hobgoblins
  6 jackals (D:1)
  5 quokkas
  6 frilled lizards
  A kobold (D:1)
  27 rats
100 creatures vanquished.

Notes
Turn   | Place    | Note
-------+----------+-------------------------------------------
     0 | D:1      | Freitmort the Deep Elf Conjurer began the quest for the
                  | Orb.
     0 | D:1      | Reached XP level 1. HP: 10/10 MP: 6/6
   145 | D:1      | Reached XP level 2. HP: 15/15 MP: 4/8
   235 | D:1      | Found a viscous altar of Jiyva.
   239 | D:1      | Reached skill level 5 in Conjurations
   531 | D:1      | Reached XP level 3. HP: 19/19 MP: 5/9
  1345 | D:2      | Noticed Sigmund
  1385 | D:2      | Learned a level 2 spell: Searing Ray
  2226 | D:3      | Noticed an ogre
  2314 | D:3      | Found a white marble altar of Elyvilon.
  2385 | D:3      | Reached XP level 4. HP: 24/24 MP: 7/11
  2662 | D:3      | Learned a level 4 spell: Iskenderun's Mystic Blast
  2734 | D:3      | Found a burning altar of Makhleb.
  2735 | D:3      | Found a glowing golden altar of the Shining One.
  2735 | D:3      | Found a bloodstained altar of Trog.
  2736 | D:3      | Found a radiant altar of Vehumet.
  2755 | D:3      | Became a worshipper of Vehumet
  2909 | D:3      | Killed an ogre
  2909 | D:3      | Reached skill level 1 in Evocations
  2909 | D:3      | Reached XP level 5. HP: 28/28 MP: 5/14
  3045 | D:4      | Noticed an ogre
  3315 | D:4      | Noticed an ogre
  3325 | D:4      | Killed an ogre
  3325 | D:4      | Reached skill level 5 in Spellcasting
  3325 | D:4      | Reached XP level 6. HP: 32/32 MP: 9/15
  3935 | D:4      | Reached * piety under Vehumet
  3935 | D:4      | Offered knowledge of Freeze by Vehumet.
  4015 | D:4      | Learned a level 1 spell: Freeze
  4336 | D:4      | Reached XP level 7. HP: 18/36 MP: 4/18
  4615 | D:5      | Entered Level 5 of the Dungeon
  5030 | D:5      | Found Leyliziq's Weapon Boutique.
  5662 | D:5      | Found an iron altar of Okawaru.
  5803 | D:2      | Killed Sigmund
  6076 | D:6      | Reached XP level 8. HP: 39/41 MP: 21/21
  6238 | D:6      | Noticed Duvessa
  6238 | D:6      | Noticed Dowan
  6258 | D:6      | Slain by Duvessa

Levels and vault maps discovered:
D:1:      erik_arrival_cave_to_civilisation [erik_arrival_cave_to_temple],
          layout_basic, minmay_pentomino_p4
D:2:      layout_loops_ring, serial_glass, glass_columns_c, glass_columns_a,
          glass_columns_a, glass_columns_c, glass_columns_b, glass_columns_c,
          chequers_serial_rivers_micro_b, uniq_sigmund
D:3:      layout_rooms, chequers_temple_overflow_statue_of_worship,
          kennysheep_nub, elyvilon_altar_5
D:4:      layout_loops_ring, first_ration, minmay_rat_hole
D:5:      layout_cave_pods, kennysheep_mini_moat, serial_shops, shop_statue
D:6:      layout_basic, overflow_temple_1_default, minmay_temple_entry_ruins,
          kennysheep_windowed_goal, uniq_duvessa

Skill      XL: |  1  2  3  4  5  6  7 |
---------------+----------------------+-----
Conjurations   | 5 6 7 |  7.8
Stealth        | 3 4 |  4.5
Spellcasting   | 4 5 6 7 |  7.7
Evocations     | 1 2 3 |  3.9
Fighting       | |  0.1
Dodging        | |  2.7

Action                   |  1- 3 |  4- 6 |  7- 9 || total
-------------------------+-------+-------+-------++-------
 Cast: Magic Dart        |    81 |    94 |    42 ||   217
       Searing Ray       |       |     8 |    13 ||    21
       Iskenderun's Myst |       |     1 |     1 ||     2
  Use: Scroll            |     2 |     3 |     7 ||    12
  Eat: Chunk             |     1 |     5 |     3 ||     9
       Ration            |     1 |       |     1 ||     2
Armor: Robe              |       |     1 |     2 ||     3
Dodge: Dodged            |     2 |     2 |    12 ||    16
